 Dungeon Crawl Stone Soup version 0.30-a0-737-gf23d94013f (webtiles) character file.

Game seed: 511704471582898792

625 retardedninja the Cudgeller (level 7, 0/44 HPs)
             Began as a Gargoyle Fighter on Feb 2, 2023.
             Was an Initiate of Gozag.
             Slain by an orc
             ... wielding a +0 mace
              (6 damage)
             ... on level 4 of the Dungeon.
             The game lasted 00:04:28 (3150 turns).

retardedninja the Cudgeller (Gargoyle Fighter)      Turns: 3150, Time: 00:04:29

Health: 0/44       AC: 26    Str: 22    XL:     7   Next: 47%
Magic:  7/7        EV:  7    Int:  8    God:    Gozag
Gold:   188        SH:  0    Dex:  9    Spells: 6/6 levels left

rFire   . . .      SeeInvis .    j - +1 flail (protect)
rCold   . . .      Faith    .    c - +0 buckler
rNeg    + . .      Spirit   .    v - +0 chain mail
rPois   ∞          Reflect  .    u - +0 helmet
rElec   +          Harm     .    (no cloak)
rCorr   .          Rampage  .    i - +2 pair of gloves
Will    .....                    (no boots) Stlth
                                 (no amulet)
HPRegen 0.27/turn                (no ring)
MPRegen 0.10/turn                (no ring)

@: confused, under a protective aura
A: sickness immunity, AC +4, negative energy resistance 1, electricity
resistance, torment resistance 1, petrification resistance
a: Renounce Religion, Potion Petition, Call Merchant, Bribe Branch


You were on level 4 of the Dungeon.
You worshipped Gozag.
Gozag was aware of your devotion.
You visited 1 branch of the dungeon, and saw 4 of its levels.

You collected 239 gold pieces.
You paid 51 gold pieces to Gozag.

Inventory:

Hand Weapons
 j - a +1 flail of protection (weapon)
Armour
 b - a +0 scale mail
 c - a +0 buckler (worn)
 i - a +2 pair of gloves (worn)
 u - a +0 helmet (worn)
 v - a +0 chain mail (worn)
Jewellery
 t - a ring of see invisible
Wands
 a - a wand of flame (6)
 w - a wand of roots (11)
Scrolls
 d - a scroll of enchant armour {unknown}
 g - a scroll of fog {unknown}
 h - a scroll of poison {unknown}
 k - 2 scrolls of identify {unknown}
 m - 2 scrolls of blinking {unknown}
 n - 2 scrolls of immolation {unknown}
 o - a scroll of noise {unknown}
 q - 2 scrolls of teleportation {unknown}
 r - a scroll of enchant weapon {unknown}
 s - 3 scrolls of torment {unknown}
Potions
 e - a potion of curing
 f - a potion of flight {unknown}
 l - a potion of resistance
 p - 2 potions of mutation {unknown}


   Skills:
 + Level 5.1 Fighting
 * Level 5.2 Maces & Flails
 + Level 5.0 Armour
 + Level 5.0 Shields


You had 6 spell levels left.
You didn't know any spells.
Your spell library contained the following spells:

 Spells                   Type           Power      Damage    Failure   Level
 Lesser Beckoning         Tloc           0%         N/A       100%        2
 Static Discharge         Conj/Air       0%         2-2/arc   100%        2
 Dazzling Flash           Conj/Hex       0%         N/A       100%        3
 Gell's Gravitas          Tloc           0%         N/A       100%        3
 Teleport Other           Tloc           0%         N/A       100%        3
 Vhi's Electric Charge    Tloc/Air       0%         N/A       100%        3
 Iskenderun's Mystic Bla  Conj/Tloc      0%         2d3       100%        4
 Arcjolt                  Conj/Air       0%         1d10      100%        5
 Lightning Bolt           Conj/Air       0%         1d11      100%        5
 Starburst                Conj/Fire      0%         6d3       100%        6


Dungeon Overview and Level Annotations

Branches:
Dungeon (4/15)
 Temple: D:4-7

Altars:
Gozag
Hepliaklqana
Qazlal
Uskayaw

Annotations:
D:4 Dowan


Innate Abilities, Weirdness & Mutations

You are immune to sickness and miasma.
Your stone body is resilient. (AC +4)
You are immune to poison.
You resist negative energy. (rN+)
You are resistant to electric shocks. (rElec)
You are resistant to unholy torment.
You are immune to petrification.


Message History

Dowan points at you and mumbles some strange words.
The shard of ice hits something!
You hit the orc.
The orc is severely wounded.
Dowan mumbles some strange words.
Dowan blinks!
The orc hits you with a +0 hand axe. The orc hits you but does no damage.
Something hits you but does no damage.
Dowan says, "How can I live without her?"
The orc hits you but does no damage. You block the orc's attack.
You hear some strange, mumbled words.
You are confused.
You bump into the rock wall.
The orc hits you but does no damage. Something hits you but does no damage.
You miss the orc.
Dowan mumbles some strange words.
Dowan blinks!
Dowan casts a spell at you. The shard of ice hits you.
The orc hits you but does no damage. x3
Something hits you but does no damage.
You hit the orc.
The orc is heavily wounded.
Dowan hits you but does no damage. x2; The orc hits you but does no damage. x2
The orc barely misses you. Something hits you but does no damage.
You closely miss something. Dowan closely misses you.
Dowan hits you but does no damage. The orc hits you but does no damage.
The orc hits you with a +0 hand axe. The orc barely misses you.
You hear some strange, mumbled words.
You are more confused.
Dowan casts a spell at you. The stone arrow hits you!
* * * LOW HITPOINT WARNING * * *
You hit Dowan.
Dowan is severely wounded.
Dowan says, "How can I live without her?"
Dowan hits you but does no damage. The orc hits you but does no damage.
The orc hits you with a +0 hand axe.
* * * LOW HITPOINT WARNING * * *
The orc hits you with a +0 mace.
You die...
Your body crumbles into a pile of gold.

..........
##.$.......
.#........ ........
#..)..## ## ###
......##.
.##.###.##
#{o...... .
.........####@oo.#
.#
##.###..#...eo#.##
#.##.......##...##
.#
......##.#....### #
..#....#.......##.
..#..))##.........
.####)).#....##...
...###.......# ...
...................


You could see Dowan (fast) and 4 orcs.

Vanquished Creatures
  Grinder (D:4)
  Duvessa (D:4)
  The ghost of Yutrishi the Cudgeller, an amateur HuBe of Trog (D:3)
  A scorpion (D:3)
  A hound (D:4)
  2 orc priests
  3 adders
  2 worms
  4 dart slugs
  7 orcs
  5 ball pythons
  3 endoplasms
  3 giant cockroaches (D:2)
  8 goblins
  8 hobgoblins
  3 quokkas
  3 bats
  A frilled lizard (D:3)
  3 kobolds
  7 rats
67 creatures vanquished.

Vanquished Creatures (others)
  An orc (D:3)
1 creature vanquished.

Grand Total: 68 creatures vanquished

Notes
Turn   | Place    | Note
-------+----------+-------------------------------------------
     0 | D:1      | retardedninja the Gargoyle Fighter began the quest for the
                  | Orb.
     0 | D:1      | Reached XP level 1. HP: 14/14 MP: 1/1
   192 | D:1      | Reached XP level 2. HP: 19/19 MP: 2/2
   715 | D:2      | Reached XP level 3. HP: 12/23 MP: 3/3
  1594 | D:2      | Found a hide-covered altar of Uskayaw.
  1759 | D:3      | Reached XP level 4. HP: 29/29 MP: 4/4
  2065 | D:3      | Found a runed translucent gate.
  2065 | D:3      | Found an opulent altar of Gozag.
  2065 | D:3      | Found a runed translucent gate.
  2065 | D:3      | Noticed a scorpion
  2066 | D:3      | Found a runed translucent gate.
  2068 | D:3      | Noticed Yutrishi's ghost (amateur HuBe)
  2137 | D:3      | Found a stormy altar of Qazlal.
  2768 | D:3      | Killed a scorpion
  2769 | D:3      | Reached XP level 5. HP: 33/33 MP: 5/5
  2772 | D:3      | Killed Yutrishi's ghost
  2773 | D:3      | Reached XP level 6. HP: 39/39 MP: 6/6
  2807 | D:3      | Became a worshipper of Gozag Ym Sagoz the Greedy
  2934 | D:4      | Found a hazy altar of Hepliaklqana.
  2973 | D:4      | Noticed Grinder
  2985 | D:4      | Paralysed by Grinder for 4 turns
  2992 | D:4      | Paralysed by Grinder for 3 turns
  3000 | D:4      | Killed Grinder
  3001 | D:4      | Reached XP level 7. HP: 39/44 MP: 7/7
  3108 | D:4      | Noticed Duvessa
  3109 | D:4      | Noticed Dowan
  3118 | D:4      | Killed Duvessa
  3119 | D:4      | Reached skill level 5 in Fighting
  3119 | D:4      | Reached skill level 5 in Maces & Flails
  3119 | D:4      | Reached skill level 5 in Armour
  3119 | D:4      | Reached skill level 5 in Shields
  3150 | D:4      | Slain by an orc

Illustrated notes

Levels and vault maps discovered:
D:1:      psy_arrival_conway, layout_basic, hangedman_abyss_or_decor_stabs
D:2:      layout_rooms, basic_altar
D:3:      layout_basic, nicolae_qazlal_scattered_showers, ebering_ghost_gozag
D:4:      layout_cave_pools, general_overflow_altar,
          mainiacjoe_overflow_alcove_2, worldfamousw_hep_ancestral_shrine,
          uniq_duvessa, uniq_grinder

Skill      XL: |  1  2  3  4  5  6  7 |
---------------+----------------------+-----
Maces & Flails | 3 4 5 |  5.2
Fighting       | 4 5 |  5.1
Armour         | 4 5 |  5.0
Shields        | 4 5 |  5.0

Action                     |  1- 3 |  4- 6 |  7- 9 || total
---------------------------+-------+-------+-------++-------
  Melee: Flail             |   150 |    84 |    47 ||   281
  Evoke: Wand              |       |       |     3 ||     3
    Use: Potion            |     1 |     3 |     2 ||     6
   Stab: Invisible         |       |     4 |       ||     4
 Armour: Scale mail        |    94 |    48 |       ||   142
         Chain mail        |       |     9 |    92 ||   101
  Dodge: Dodged            |    84 |    52 |    37 ||   173
  Block: Buckler           |    32 |    27 |    25 ||    84

Table legend: (Time is in decaauts)
 A = Elapsed time spent in this place.
 B = Non-inter-level travel time spent in this place.
 C = Inter-level travel time spent in this place.
 D = Time resting spent in this place.
 E = Time spent auto-exploring this place.
 F = Levels seen in this place.
 G = Mean time per level.
                   A        B        C        D        E       F      G
               +--------+--------+--------+--------+--------+-----+--------+
         Total |   3234 |   3150 |     84 |    708 |   1779 |   4 |  808.5 |
       Dungeon |   3234 |   3150 |     84 |    708 |   1779 |   4 |  808.5 |
               +--------+--------+--------+--------+--------+-----+--------+

Top non-repeatable levels by time:
     D:3: 1201 daAuts
     D:2: 1005 daAuts
     D:1: 703 daAuts
     D:4: 322 daAuts
